 Dungeon Crawl Stone Soup version 0.19.4-9-g45fd643 (webtiles) character file.

1313 Kosschaser the Covert (level 8, -11/40 HPs)
             Began as a Vine Stalker Assassin on Feb 19, 2017.
             Mangled by an orc warrior
             ... wielding a +0 halberd
              (16 damage)
             ... in a bailey.
             The game lasted 00:20:00 (4308 turns).

Kosschaser the Covert (Vine Stalker Assassin)       Turns: 4308, Time: 00:20:01

Health: -11/40     AC:  4    Str: 14    XL:     8   Next: 58%
Magic:  0/18       EV: 12    Int: 11    God:
Gold:   355        SH:  0    Dex: 18    Spells: 0 memorised, 7 levels left

rFire  . . .     SeeInvis .     i - +3 short sword (drain)
rCold  . . .     Gourm    .     c - +0 robe
rNeg   . . .     Faith    .     (no shield)
rPois  .         Spirit   +     (no helmet)
rElec  .         Reflect  .     d - +0 cloak
rCorr  .         Harm     .     (no gloves)
MR     +....                    h - +0 pair of boots
Stlth  +++++.....               (no amulet)
                                y - -2 ring of evasion (curse)
                                l - ring of magical power

@: no status effects
A: fangs 3, regeneration 1, magic shield, antimagic bite, no device heal 3, rot
immunity
a: no special abilities


You were in a bailey.
You were not hungry.

You visited 1 branch of the dungeon, and saw 7 of its levels.
You also visited: Sewer and Bailey.

You collected 355 gold pieces.

Inventory:

Hand Weapons
 b - a +0 blowgun
 i - a +3 short sword of draining (weapon)
Missiles
 e - 37 poisoned needles
 f - 2 curare-tipped needles
 v - 3 tomahawks (quivered)
Armour
 c - a +0 robe (worn)
 d - a +0 cloak (worn)
 h - a +0 pair of boots (worn)
Jewellery
 l - a ring of magical power (left hand)
 y - a cursed -2 ring of evasion (right hand)
 z - an uncursed ring of fire
Wands
 o - a wand of iceblast (7/15)
 p - a wand of acid (8/15)
 E - a wand of lightning (5/15)
Scrolls
 a - a scroll of blinking
 j - a scroll of enchant armour
 n - a scroll of recharging
 s - 2 scrolls of amnesia
 u - a scroll of teleportation
 D - a scroll of identify
Potions
 m - a potion of curing {unknown}
 r - 2 potions of haste
 w - a potion of flight {unknown}
 x - 2 potions of brilliance {unknown}
 A - a potion of beneficial mutation {unknown}
 B - a potion of degeneration {unknown}
Books
 C - a book of Battle

   Spells                             Type                      Level
   a - Infusion                       Charms                       1
   b - Shroud of Golubria             Charms/Translocation         2
   c - Song of Slaying                Charms                       2
   d - Spectral Weapon                Hexes/Charms                 3
   e - Regeneration                   Charms/Necromancy            3
Comestibles
 g - 3 bread rations
 k - a slice of pizza
 q - 2 beef jerkies
 t - 3 meat rations
 F - 2 chunks of flesh


   Skills:
 + Level 3.3 Fighting
 + Level 4.7 Short Blades
 + Level 2.2 Throwing
 + Level 3.3 Dodging
 * Level 10.3 Stealth


You had 7 spell levels left.
You didn't know any spells.

Dungeon Overview and Level Annotations

Branches:
Dungeon (8/15)
 Temple: D:4-7         Lair: D:8-11

Altars:
Cheibriados

Annotations:
D:7 Joseph


Innate Abilities, Weirdness & Mutations

You have razor-sharp teeth.
Your natural rate of healing is unusually fast.
When hurt, damage is shared between your health and your magic reserves.
Your bite disrupts and absorbs the magic of your enemies.
Potions and wands cannot restore your health.
You are immune to rotting.


Message History

You hit the orc.
You kill the orc!
The centaur throws a javelin of returning.
The javelin of returning barely misses you.
The weapon returns to the centaur!
The centaur throws a javelin of returning.
The javelin of returning hits you!
The weapon returns to the centaur!
There is an open gate here.
You start resting.
There is an open gate here.
The orc warrior hits you from afar with a halberd!
The orc warrior hits you with a halberd!
You barely miss the orc warrior.
You bite the orc warrior, but do no damage.
The orc warrior hits you with a halberd!!
* * * LOW HITPOINT WARNING * * *
You hear a shout!
You hear a shout!
The orc warrior hits you from afar with a halberd!!
You die...

.≈.....≈≈≈≈≈.....
.≈≈.⌠..≈≈≈≈≈..⌠.≈
≈.≈.....≈≈≈.....≈
≈.≈≈≈.........≈≈≈
≈≈c.≈≈≈...).≈≈≈.c
≈≈≈≈.c≈#)..#≈..
≈≈≈≈≈≈.#o..# ≈≈≈≈≈≈≈#...#
≈≈≈≈≈≈≈#@..#
#########'''#########
##......)............##
##............)........##
##.......⌠#######⌠.......##
#≈....##### #####....≈#
#≈..)## ##...≈# #≈...#
#...≈#
#≈...#.o≈≈o.≈.≈.o≈≈..#...≈#


You could see an orc warrior.

Vanquished Creatures
  Sigmund (D:2)
  4 orc warriors (Bailey)
  A phantom (D:5)
  A centaur (Bailey)
  A crocodile (Sewer)
  A scorpion (D:4)
  A centaur skeleton (D:5)
  2 hounds (D:4)
  2 iguanas
  A worker ant (D:4)
  Natasha (thrice) (D:4)
  2 orc wizards
  3 gnolls (D:4)
  6 adders
  An ooze (D:5)
  A worm (D:5)
  16 orcs
  5 giant cockroaches
  7 goblins
  6 hobgoblins
  12 jackals
  A quokka (D:3)
  A ball python (D:3)
  5 bats
  6 frilled lizards
  13 kobolds
  A leopard gecko skeleton (D:4)
  8 rats
112 creatures vanquished.

Notes
Turn   | Place    | Note
-------+----------+-------------------------------------------
     0 | D:1      | Kosschaser the Vine Stalker Assassin began the quest for the Orb.
     0 | D:1      | Reached XP level 1. HP: 11/11 MP: 2/2
    45 | D:1      | Reached skill level 5 in Stealth
   279 | D:1      | Reached XP level 2. HP: 15/15 MP: 3/3
   602 | D:1      | Reached XP level 3. HP: 15/18 MP: 4/4
   609 | D:1      | You fall through a shaft!
   647 | D:2      | Reached skill level 1 in Dodging
   685 | D:2      | Reached skill level 6 in Stealth
  1090 | D:2      | Noticed Sigmund
  1102 | D:2      | Killed Sigmund
  1102 | D:2      | Reached skill level 7 in Stealth
  1102 | D:2      | Gained mutation: Your natural rate of healing is unusually fast. [Vine Stalker growth]
  1102 | D:2      | Reached XP level 4. HP: 18/23 MP: 5/5
  1102 | D:2      | Reached XP level 5. HP: 21/26 MP: 6/6
  1211 | D:2      | Reached skill level 8 in Stealth
  1227 | D:2      | Reached XP level 6. HP: 29/30 MP: 7/7
  2458 | D:4      | Noticed Natasha
  2568 | D:4      | Noticed a phantom
  2592 | D:5      | Entered Level 5 of the Dungeon
  2611 | D:5      | Killed a phantom
  2611 | D:5      | Reached XP level 7. HP: 11/35 MP: 8/8
  2711 | D:4      | Reached skill level 9 in Stealth
  2812 | D:4      | Found a snail-covered altar of Cheibriados.
  2944 | D:4      | Found a glowing drain.
  2949 | Sewer    | Entered a sewer
  3145 | D:4      | Killed Natasha
  3190 | D:4      | Noticed Natasha
  3206 | D:4      | Killed Natasha
  3515 | D:4      | Noticed Natasha
  3526 | D:4      | Killed Natasha
  3822 | D:5      | Gained mutation: You have razor-sharp teeth. [Vine Stalker growth]
  3822 | D:5      | Reached XP level 8. HP: 27/39 MP: 9/9
  3842 | D:5      | You fall through a shaft for 3 floors!
  3918 | D:7      | Noticed Joseph
  3924 | D:7      | Found a flagged portal.
  3933 | Bailey   | Entered a bailey
  4035 | Bailey   | Reached skill level 10 in Stealth
  4308 | Bailey   | Mangled by an orc warrior

Skill      XL: |  1  2  3  4  5  6  7  8 |
---------------+-------------------------+-----
Stealth        | 5 7 8 9 10 | 10.3
Short Blades   | 2 3 4 |  4.7
Dodging        | 1 2 3 |  3.3
Fighting       | 2 3 |  3.3
Throwing       | 2 |  2.2

Action                   |  1- 3 |  4- 6 |  7- 9 || total
-------------------------+-------+-------+-------++-------
Melee: Dagger            |   105 |    51 |       ||   156
       Bite              |    19 |    31 |    49 ||    99
       Short sword       |       |    75 |   184 ||   259
Throw: Tomahawk          |       |     3 |     3 ||     6
  Use: Scroll            |       |     4 |     8 ||    12
 Stab: Sleeping          |     6 |     6 |     9 ||    21
       Distracted        |       |       |     1 ||     1
  Eat: Chunk             |       |     5 |     6 ||    11
Armor: Robe              |    49 |    27 |    29 ||   105
Dodge: Dodged            |    77 |    69 |    84 ||   230
